 Dungeon Sprint DCSS version bcrawl-1.20.1-3-gdcb1fc31ed (webtiles) character file.

Game seed: 4894009096652459818

798 Freyura the Grappler (level 7, -6/79 HPs)
             Began as a Troll Fighter on Jan 30, 2020.
             Was a Follower of Makhleb.
             Mangled by an eight-headed hydra (7 damage)
             ... in the Dungeon (Sprint IX: "|||||||||||||||||||||||||||||").
             The game lasted 00:02:51 (126 turns).

Freyura the Grappler (Troll Fighter)                 Turns: 126, Time: 00:02:52

Health: -6/79      AC:  8    Str: 25    XL:     7   Next: 58%
Magic:  3/11       EV: 10    Int:  5    God:    Makhleb [*.....]
Gold:   0          SH:  8    Dex: 11    Spells: 6/6 levels left

rFire    . . .     SeeInvis .     - Unarmed
rCold    . . .     Gourm    +   a - +0 shield
rNeg     . . .     Faith    .   (armour unavailable)
rPois    .         Spirit   .   (helmet restricted)
rElec    .         Reflect  .   o - +0 cloak
rCorr    .         Harm     .   (gloves unavailable)
MR       .....     NoTele   +   (boots unavailable)
Stlth    +.........             (no amulet)
HPRegen  0.63/turn              q - +2 ring of evasion
MPRegen  0.12/turn              (no ring)

@: no status effects
A: large, almost no armour, unfitting armour, claws 3, fast metabolism 3,
gourmand, regeneration 1, AC +7
a: Renounce Religion


You were in the Dungeon.
You worshipped Makhleb.
Makhleb was aware of your devotion.
You were not hungry.

You visited 1 branch

Inventory:

Armour
 a - a +0 shield (worn)
 o - a +0 cloak (worn)
Jewellery
 q - a +2 ring of evasion (left claw)
Wands
 l - a wand of acid (7)
Scrolls
 i - 2 scrolls of blinking
 j - 3 scrolls of remove curse
 k - 2 scrolls of amnesia
Potions
 b - a potion of might
 c - a potion of invisibility
 d - 4 potions of curing
 f - a potion of haste
 g - 4 potions of magic
Comestibles
 e - 2 rations {!d}


   Skills:
 + Level 7.8 Fighting
 - Level 2.4 Dodging
 - Level 2.0 Shields
 * Level 12.2 Unarmed Combat
 + Level 7.1 Invocations


You had 6 spell levels left.
You didn't know any spells.
Your spell library was empty.

Dungeon Overview and Level Annotations

Branches:
Dungeon (1/1)

Altars:
Cheibriados
Dithmenos
Elyvilon
Fedhas
Gozag
Hepliaklqana
Kikubaaqudgha
Lugonu
Makhleb
Nemelex Xobeh
Okawaru
Qazlal
Ru
Sif Muna
Trog
Uskayaw
Vehumet
Wu Jian
Xom
Yredelemnul
Zin
The Shining One
Beogh
Jiyva


Innate Abilities, Weirdness & Mutations

You cannot wear most types of armour.
Your thick skin is tough. (AC +7)
You are too large for most types of armour.
You have claws for hands.
Your metabolism is lightning-fast.
You like to eat raw meat.
Your natural rate of healing is unusually fast.


Message History

* * * LOW HITPOINT WARNING * * *
You block the six-headed hydra's attack.
The six-headed hydra bites you but does no damage.
The six-headed hydra bites you!
* * * LOW HITPOINT WARNING * * *
You tear one of the six-headed hydra's heads off!
The five-headed hydra grows two more!
You scratch the seven-headed hydra.
The seven-headed hydra is moderately wounded.
The seven-headed hydra is no longer covered in acid.
You block the seven-headed hydra's attack. x2
The seven-headed hydra bites you but does no damage. x3
The seven-headed hydra misses you.
You block the seven-headed hydra's attack.
You tear one of the seven-headed hydra's heads off!
The six-headed hydra grows two more!
You mangle the eight-headed hydra!!
The eight-headed hydra is moderately wounded.
The eight-headed hydra bites you!
* * * LOW HITPOINT WARNING * * *
The eight-headed hydra bites you!
You die...

▓.▓
▓|▓
▓)▓
▓.▓
▓[▓
▓[▓
▓.▓
▓=▓
▓@▓
▓D▓
▓Z▓
▓.▓
▓[▓
▓.▓
▓.▓
▓+▓


You could see an eight-headed hydra and a bat skeleton.

Vanquished Creatures
  A two-headed ogre (D)
  2 centaurs (D)
  An adder (D)
  An ooze (D)
  2 orcs (D)
  A bat skeleton (D)
  A ball python (D)
  A ball python zombie (D)
  A frilled lizard (D)
  A kobold (D)
  A leopard gecko zombie (D)
  A rat (D)
14 creatures vanquished.

Notes
Turn   | Place    | Note
-------+----------+-------------------------------------------
     0 | D        | Freyura the Troll Fighter began the quest for the Orb.
     0 | D        | Reached XP level 1. HP: 22/22 MP: 0/0
    18 | D        | Reached skill level 3 in Unarmed Combat
    35 | D        | Noticed a centaur
    45 | D        | Reached XP level 2. HP: 31/31 MP: 1/1
    49 | D        | Killed a centaur
    49 | D        | Reached skill level 7 in Unarmed Combat
    49 | D        | Reached XP level 3. HP: 38/40 MP: 2/2
    49 | D        | Gained mutation: Your natural rate of healing is unusually
                  | fast. [Troll growth]
    49 | D        | Reached XP level 4. HP: 47/49 MP: 3/3
    57 | D        | Found a roughly hewn altar of Beogh.
    57 | D        | Found a snail-covered altar of Cheibriados.
    57 | D        | Found a shadowy altar of Dithmenos.
    57 | D        | Found a white marble altar of Elyvilon.
    57 | D        | Found a blossoming altar of Fedhas.
    57 | D        | Found an opulent altar of Gozag.
    58 | D        | Found a hazy altar of Hepliaklqana.
    59 | D        | Found a viscous altar of Jiyva.
    60 | D        | Found an ancient bone altar of Kikubaaqudgha.
    61 | D        | Found a corrupted altar of Lugonu.
    62 | D        | Found a burning altar of Makhleb.
    63 | D        | Found a sparkling altar of Nemelex Xobeh.
    64 | D        | Found an iron altar of Okawaru.
    65 | D        | Found a stormy altar of Qazlal.
    66 | D        | Found a sacrificial altar of Ru.
    67 | D        | Found a shimmering blue altar of Sif Muna.
    68 | D        | Found a bloodstained altar of Trog.
    69 | D        | Found a hide-covered altar of Uskayaw.
    70 | D        | Became a worshipper of Makhleb the Destroyer
    71 | D        | Found a radiant altar of Vehumet.
    72 | D        | Found an ornate altar of the Wu Jian Council.
    73 | D        | Found a shimmering altar of Xom.
    74 | D        | Found a basalt altar of Yredelemnul.
    75 | D        | Found a glowing silver altar of Zin.
    76 | D        | Found a glowing golden altar of the Shining One.
    93 | D        | Got the +4 quarterstaff of Indomitability {crush, +Inv
                  | rElec Str+2 Int+2}
    93 | D        | Got the +2 halberd of the Magi {drain, rC+}
   111 | D        | Noticed a centaur
   111 | D        | Noticed a two-headed ogre
   111 | D        | Noticed a six-headed hydra
   118 | D        | Killed a two-headed ogre
   118 | D        | Reached skill level 12 in Unarmed Combat
   118 | D        | Reached XP level 5. HP: 39/62 MP: 3/9
   118 | D        | Reached XP level 6. HP: 44/71 MP: 3/10
   118 | D        | Reached XP level 7. HP: 49/78 MP: 3/11
   120 | D        | Reached * piety under Makhleb
   126 | D        | HP: 1/79 [eight-headed hydra (9)]
   126 | D        | Mangled by an eight-headed hydra

Skill      XL: |  1  2  3  4  5  6  7 |
---------------+----------------------+-----
Unarmed Combat | 3 7 12 | 12.2
Fighting       | 3 4 7 |  7.8
Invocations    | 6 7 |  7.1
Dodging        | |  2.4
Shields        | |  2.0

Action                   |  1- 3 |  4- 6 |  7- 9 || total
-------------------------+-------+-------+-------++-------
Melee: Unarmed           |    25 |     8 |     3 ||    36
Evoke: Wand              |       |       |     3 ||     3
  Use: Potion            |     2 |     1 |     2 ||     5
Armor: Skin              |     2 |     1 |    10 ||    13
Dodge: Dodged            |     7 |     2 |     9 ||    18
Block: Shield            |     5 |     2 |    11 ||    18
